 Dungeon Crawl Stone Soup version 0.30-b1-2-g02819fbbbe (webtiles) character file.

Game seed: 6924203602514963590

2963 septik the Cleaver (level 9, -2/81 HPs)
             Began as a Minotaur Berserker on June 28, 2023.
             Was an Elder of Trog.
             Slain by an orc warrior
             ... wielding a +1 trident of distortion
              (12 damage)
             ... on level 6 of the Dungeon.
             The game lasted 00:14:06 (5744 turns).

septik the Cleaver (Minotaur Berserker)             Turns: 5744, Time: 00:14:07

Health: -2/81      AC:  9    Str: 27    XL:     9   Next: 52%
Magic:  8/8        EV: 14    Int:  4    God:    Trog [****..]
Gold:   344        SH:  0    Dex: 15    Spells: 8/8 levels left

rFire   . . .        a - +0 hand axe (flame)
rCold   . . .        (no shield)
rNeg    . . .        f - +0 ring mail {rPois}
rPois   +            (helmet restricted)
rElec   .            i - +0 cloak
rCorr   .            G - +0 pair of gloves
SInv    .            (no boots)
Will    .....        t - amulet of faith
Stlth   +            v - +6 ring of dexterity
HPRegen 0.00/turn    (no ring)
MPRegen 0.11/turn

%: faith
@: on berserk cooldown, sick, slowed, very slow
A: horns 2, retaliatory headbutt
a: Renounce Religion, Berserk, Trog's Hand, Brothers in Arms


You were on level 6 of the Dungeon.
You worshipped Trog.
Trog was greatly pleased with you.
You visited 1 branch of the dungeon, and saw 6 of its levels.
You also visited: Sewer.

You collected 344 gold pieces.

Inventory:

Hand Weapons
 a - a +0 hand axe of flaming (weapon)
 q - a +0 sling
Missiles
 d - 101 stones (quivered)
 p - 30 poisoned darts
Armour
 f - a +0 ring mail of poison resistance (worn)
 i - a +0 cloak (worn)
 y - a +0 chain mail
 G - a +0 pair of gloves (worn)
Jewellery
 t - an amulet of faith (around neck)
 v - a +6 ring of dexterity (left hand)
 B - the ring of Fallacy {rF+ rN+ SInv}
   (You found it on level 5 of the Dungeon)

   [ring of positive energy]

   rF:        It protects you from fire.
   rN:        It protects you from negative energy.
   SInv:      It lets you see invisible.
 F - an amulet of guardian spirit
Wands
 w - a wand of charming (16)
Scrolls
 e - 3 scrolls of blinking
 g - 7 scrolls of identify
 l - 3 scrolls of noise
 n - 2 scrolls of amnesia {unknown}
 o - 2 scrolls of fog
 x - a scroll of enchant weapon {unknown}
 A - a scroll of butterflies {unknown}
 E - a scroll of fear {unknown}
Potions
 c - 2 potions of degeneration
 h - a potion of haste {unknown}
 j - 7 potions of curing {unknown}
 k - a potion of ambrosia {unknown}
 m - a potion of attraction {unknown}
 r - 3 potions of mutation {unknown}
 s - a potion of brilliance {unknown}
 u - 2 potions of heal wounds {unknown}
 z - a potion of magic {unknown}
 C - a potion of flight {unknown}
 D - 2 potions of might


   Skills:
 + Level 8.0 Fighting
 * Level 10.7 Axes
 + Level 7.5 Armour
 + Level 6.8 Dodging


You had 8 spell levels left.
You didn't know any spells.
Your spell library was empty.

Dungeon Overview and Level Annotations

Branches:
Dungeon (6/15)              Sewer (visited)
 Temple: D:4-7

Altars:
Ashenzari
Elyvilon
Hepliaklqana
Sif Muna
Uskayaw
The Shining One

Portals:
Abyss: D:6

Annotations:
D:2 exclusion: downstairs
D:3 1 runed translucent door, Vorhees's ghost, amateur GnWn
D:6 1 transporter


Innate Abilities, Weirdness & Mutations

You have a pair of horns on your head.
You reflexively headbutt those who attack you in melee.


Message History

Vorhees's ghost hits you.
You hit Vorhees's ghost but do no damage.
You headbutt Vorhees's ghost!
Vorhees's ghost is moderately damaged.
Vorhees's ghost hits you.
You slash Vorhees's ghost! You burn Vorhees's ghost.
You headbutt Vorhees's ghost!
Vorhees's ghost is severely damaged.
You slash Vorhees's ghost! You burn Vorhees's ghost.
Vorhees's ghost is almost destroyed.
Vorhees's ghost hits you.
You closely miss Vorhees's ghost.
Vorhees's ghost is almost destroyed.
You hit Vorhees's ghost. You burn Vorhees's ghost.
Vorhees's ghost is almost destroyed.
Vorhees's ghost completely misses you.
You closely miss Vorhees's ghost.
You headbutt Vorhees's ghost, but do no damage.
Your punch misses Vorhees's ghost.
Vorhees's ghost is almost destroyed.
You slash Vorhees's ghost! You burn Vorhees's ghost.
You destroy Vorhees's ghost!
Trog accepts your kill.
Your Fighting skill increases to level 8!
No target in view!
Calm down first, please.
No target in view!
e - 3 scrolls of blinking (gained 1)
You start resting.
You feel a strong urge to attack something.
You are no longer berserk.
You are exhausted.
You feel yourself slow down.
No target in view!
No target in view!
The orc warrior hits you with a +1 trident of distortion!
Space warps horribly around you!!
* * * LOW HITPOINT WARNING * * *
The orc warrior hits you with a +1 trident of distortion!
You die...

.......©............#
......###..###.....##
#...###.##.####.##....#
##...#.###..###.^.#....##
###....#....##...^#.#.....#
....^..##.##..#.#.#.##....##
.........#..#...###.#.##....#
.........##.^..##.#..[##...>#
..........##.#@#..##©##...#?#
..........©#©o.##..###..!.#.#
...........#.#..#.........#.# #
.........###..#.##..........#.#
.........# ∩#....#####.........
###.#..####.###..##.##....##.#
#.#..#x5.##.#..o...#....# #
#....##.##..###.####....##.#
###...###....####..........#


You could see an orc warrior.

Vanquished Creatures
  The ghost of Vorhees the Skirmisher, a novice GnHu of Fedhas (D:6)
  A cyclops (D:6)
  An ancient zyme (D:6)
  Eustachio (D:4)
  An ice beast (D:5)
  3 black bears
  3 ogres
  A phantom (D:5)
  A kobold brigand (Sewer)
  2 small abominations (D:6)
  A scorpion (D:4)
  A crimson imp (D:6)
  6 hounds
  A jelly (D:5)
  An orc priest (D:5)
  3 sleepcaps
  Ijyb (D:3)
  3 iguanas
  2 orc wizards
  9 adders
  2 white imps
  A worm (Sewer)
  2 dart slugs
  19 orcs
  11 ball pythons
  4 bats
  10 endoplasms
  3 giant cockroaches
  8 goblins
  7 hobgoblins
  15 kobolds
  3 quokkas
  7 frilled lizards
  6 rats
141 creatures vanquished.

Notes
Turn   | Place    | Note
-------+----------+-------------------------------------------
     0 | D:1      | septik the Minotaur Berserker began the quest for the Orb.
     0 | D:1      | Reached XP level 1. HP: 19/19 MP: 0/0
   166 | D:1      | Reached XP level 2. HP: 23/27 MP: 1/1
   169 | D:1      | Reached skill level 4 in Axes
   789 | D:2      | Reached XP level 3. HP: 33/33 MP: 2/2
   869 | D:2      | Found a hide-covered altar of Uskayaw.
   934 | D:2      | Found a faded altar of an unknown god.
  1675 | D:3      | Noticed Ijyb
  1756 | D:3      | Reached ** piety under Trog
  1763 | D:3      | Killed Ijyb
  1764 | D:3      | Reached XP level 4. HP: 40/40 MP: 3/3
  1895 | D:3      | Found a runed translucent door.
  1895 | D:3      | Noticed Vorhees's ghost (amateur GnWn)
  2017 | D:3      | Found a white marble altar of Elyvilon.
  2159 | D:3      | Reached skill level 5 in Axes
  2290 | D:3      | Reached XP level 5. HP: 47/47 MP: 4/4
  2657 | D:4      | Found a glowing drain.
  2659 | D:4      | Noticed a black bear
  2669 | D:4      | Killed a black bear
  2674 | Sewer    | Entered a sewer
  2748 | Sewer    | Reached skill level 5 in Fighting
  2748 | Sewer    | Reached skill level 6 in Axes
  2748 | Sewer    | Reached XP level 6. HP: 56/56 MP: 5/5
  3201 | D:4      | Found a shimmering blue altar of Sif Muna.
  3201 | D:4      | Found a glowing golden altar of the Shining One.
  3248 | D:4      | Reached XP level 7. HP: 11/61 MP: 6/6
  3452 | D:4      | Reached *** piety under Trog
  3487 | D:4      | Noticed Eustachio
  3505 | D:4      | Killed Eustachio
  3506 | D:4      | Reached skill level 7 in Axes
  3774 | D:4      | Found a hazy altar of Hepliaklqana.
  4043 | D:5      | Entered Level 5 of the Dungeon
  4163 | D:5      | Reached skill level 5 in Armour
  4428 | D:5      | Reached skill level 8 in Axes
  4428 | D:5      | Reached skill level 5 in Dodging
  4428 | D:5      | Reached XP level 8. HP: 70/70 MP: 7/7
  4438 | D:5      | Identified the ring of Fallacy {rF+ rN+ SInv}
  4617 | D:5      | Found a broken altar of Ashenzari.
  4942 | D:5      | Reached **** piety under Trog
  5238 | D:6      | Noticed a cyclops
  5244 | D:6      | Killed a cyclops
  5245 | D:6      | Reached skill level 9 in Axes
  5266 | D:6      | Reached XP level 9. HP: 55/79 MP: 8/8
  5614 | D:6      | Found a transporter.
  5614 | D:6      | Found a transporter.
  5617 | D:6      | Noticed an ancient zyme
  5703 | D:6      | Found a one-way gate to the infinite horrors of the Abyss.
  5706 | D:6      | Noticed Vorhees's ghost (novice GnHu)
  5720 | D:6      | Killed an ancient zyme
  5721 | D:6      | Reached skill level 10 in Axes
  5734 | D:6      | Killed Vorhees's ghost
  5744 | D:6      | Slain by an orc warrior

Illustrated notes

Levels and vault maps discovered:
D:1:      lemuel_arrival_river_bridge, layout_loops_ring, hex_large
D:2:      layout_basic, basic_altar, hellmonk_ecumenical_altar_lost_god,
          minmay_misc_feat_tower
D:3:      layout_rooms, amcnicky_altar_gilded, hellmonk_ghost_happy_afterlife,
          serial_aquarium, aquarium_bridge_long_joined
          [aquarium_subvault_bridge, aquarium_subvault_balcony,
          aquarium_subvault_bridge, aquarium_subvault_balcony,
          aquarium_subvault_bridge, aquarium_subvault_balcony],
          aquarium_bridge_straight [aquarium_subvault_bridge,
          aquarium_subvault_wall, aquarium_subvault_bridge,
          aquarium_subvault_window], aquarium_window_3, aquarium_window_1,
          aquarium_window_fake, aquarium_window_1, aquarium_view_2d,
          aquarium_balcony_3b, aquarium_pool_corner, minmay_close_crescents,
          uniq_ijyb
D:4:      layout_loops_ring, old_standard_altar,
          gammafunk_temple_overflow_statue, cheibrodos_sewer_entry_drain,
          uniq_eustachio
D:5:      minmay_evil_eye, layout_loops_ring, nicolae_ashenzari_panopticon,
          minmay_circle_x
D:6:      layout_basic, minmay_temple_entry_enclosed_plants,
          gammafunk_ghost_abyssal_escape, lightli_minifort

Skill      XL: |  1  2  3  4  5  6  7  8  9 |
---------------+----------------------------+-----
Axes           | 4 5 6 8 9 10 | 10.7
Fighting       | 4 5 6 7 8 |  8.0
Armour         | 3 4 5 6 7 |  7.5
Dodging        | 3 4 5 6 |  6.8

Action                     |  1- 3 |  4- 6 |  7- 9 || total
---------------------------+-------+-------+-------++-------
  Melee: Hand axe          |    77 |    89 |   181 ||   347
         Headbutt          |     9 |    11 |    46 ||    66
         Punch             |       |       |     2 ||     2
 Invoke: Berserk           |     1 |     3 |     4 ||     8
    Use: Scroll            |     1 |     7 |       ||     8
         Potion            |       |     1 |       ||     1
   Stab: Sleeping          |     1 |       |       ||     1
 Armour: Animal skin       |     5 |       |       ||     5
         Ring mail         |    17 |    38 |    46 ||   101
  Dodge: Dodged            |    36 |    65 |    98 ||   199
